 Dungeon Crawl Stone Soup version 0.26-a0-712-ga5a9c9c9d0 (webtiles) character file.

Game seed: 6751704078170516048

36462 lorenzova the Eclecticist (level 13, -5/69 HPs)
             Began as a Deep Elf Conjurer on Nov 2, 2020.
             Was a High Priest of Vehumet.
             Slain by an eight-headed hydra (15 damage)
             ... while paralysed by Rupert
             ... on level 6 of the Lair of Beasts.
             The game lasted 00:48:44 (18107 turns).

lorenzova the Eclecticist (Deep Elf Conjurer)      Turns: 18107, Time: 00:48:44

Health: -5/69      AC: 11    Str:  7    XL:     13   Next: 53%
Magic:  5/35       EV:  2    Int: 31    God:    Vehumet [*****.]
Gold:   1353       SH:  0    Dex: 24    Spells: 18/44 levels left

rFire    x . .     SeeInvis +   q - +6 falchion of Zochufewk {elec, Str+3 Int+2 Dex+4}
rCold    . . .     Faith    .   (no shield)
rNeg     . . .     Spirit   .   X - +2 troll leather armour {Snorg}
rPois    .         Reflect  .   (helmet restricted)
rElec    .         Harm     .   v - +0 cloak
rCorr    .         Rampage  .   W - +1 pair of gloves {Dex+3}
MR       ++...                  V - +1 pair of boots {run}
Stlth    ++........             d - amulet of the acrobat
HPRegen  1.01/turn              H - ring of Zekkeiwk {+Fly rF- MR+ Dex+4}
MPRegen  0.24/turn              P - ring of see invisible

@: paralysed, sluggish, marked, lightly drained, very slow
A: horns 1, regeneration 1, robust 1
a: Renounce Religion, Evoke Flight


You were on level 6 of the Lair of Beasts.
You worshipped Vehumet.
Vehumet was extremely pleased with you.
You visited 2 branches of the dungeon, and saw 16 of its levels.
You also visited: Ossuary and Gauntlet.

You collected 1353 gold pieces.

Inventory:

Hand Weapons
 q - the +6 falchion of Zochufewk (weapon) {elec, Str+3 Int+2 Dex+4}
   (You found it on level 4 of the Dungeon)

   Occasionally, upon striking a foe, it will discharge some electrical energy
   and cause terrible harm.
   It affects your strength (+3).
   It affects your intelligence (+2).
   It affects your dexterity (+4).
 U - the +3 falchion of Wu Jian {freeze, rElec Str+2 Dex-2, unknown}
   (You found it on level 1 of the Lair of Beasts)

   It has been specially enchanted to freeze those struck by it, causing extra
   injury to most foes and up to half again as much damage against particularly
   susceptible opponents.
   It can also slow down cold-blooded creatures.
   It affects your strength (+2).
   It affects your dexterity (-2).
   It insulates you from electricity.
Armour
 v - a +0 cloak (worn)
 B - a +1 robe of positive energy
 V - a +1 pair of boots of running (worn)
 W - a +1 pair of gloves of dexterity (worn)
 X - a +2 troll leather armour (worn) {Snorg}
 Z - a +1 robe of cold resistance
Magical Staves
 y - an uncursed staff of air
Jewellery
 d - an amulet of the acrobat (around neck)
 u - a +6 ring of intelligence
 H - the ring of Zekkeiwk (left hand) {+Fly rF- MR+ Dex+4}
   (You found it in a Gauntlet)

   [ring of flight]

   It affects your dexterity (+4).
   It makes you vulnerable to fire.
   It affects your resistance to hostile enchantments.
   It lets you fly.
 P - a ring of see invisible (right hand)
 Q - an uncursed ring of protection from cold
 R - the amulet "Wet Nail" {rF+++ MR- Regen+ Str-4 Stlth+}
   (You found it in a Gauntlet)

   [amulet of regeneration]

   It affects your strength (-4).
   It renders you almost immune to fire.
   It affects your resistance to hostile enchantments.
   It increases your rate of regeneration.
   It makes you more stealthy.
 T - an uncursed amulet of reflection {unknown}
 Y - an uncursed ring of ice
Wands
 E - a wand of digging (3)
 N - a wand of acid (8)
Scrolls
 e - 2 scrolls of blinking
 g - 6 scrolls of enchant armour
 h - 11 scrolls of teleportation
 i - a scroll of fear {unknown}
 l - 6 scrolls of amnesia
 n - 7 scrolls of remove curse
 s - 3 scrolls of immolation
 O - a scroll of fog
Potions
 a - 2 potions of berserk rage {unknown}
 b - 3 potions of flight
 c - 2 potions of haste
 f - 3 potions of cancellation {unknown}
 j - 3 potions of stabbing {unknown}
 k - 8 potions of curing
 m - 11 potions of heal wounds
 o - 4 potions of might {unknown}
 r - a potion of resistance {unknown}
 x - a potion of mutation
 C - 2 potions of invisibility
 G - a potion of degeneration {unknown}
 I - 3 potions of lignification {unknown}
 J - a potion of magic {unknown}
 K - 2 potions of brilliance {unknown}
 L - 2 potions of ambrosia


   Skills:
 - Level 2.4(2.0) Dodging
 - Level 2.4(2.0) Stealth
 * Level 16.0(15.5) Spellcasting
 * Level 14.2(13.6) Conjurations
 - Level 9.0(8.5) Hexes
 - Level 6.0(5.5) Translocations
 * Level 11.5(11.0) Fire Magic
 + Level 6.1(5.7) Air Magic


You had 18 spell levels left.
You knew the following spells:

 Your Spells              Type           Power        Failure   Level
a - Magic Dart            Conj           ####         0%          1
b - Searing Ray           Conj           ######       0%          2
c - Iskenderun's Mystic   Conj/Tloc      ######..     1%          4
d - Fulminant Prism       Conj/Hex       #######...   1%          4
e - Foxfire               Conj/Fire      ####         0%          1
f - Fireball              Conj/Fire      #######...   1%          5
h - Swiftness             Air            ######..     1%          2
s - Sticky Flame          Conj/Fire      #######.     1%          4
x - Conjure Flame         Conj/Fire      #######.     1%          3

Your spell library contained the following spells:

 Spells                   Type           Power        Failure   Level
 Conjure Ball Lightning   Conj/Air       ######....   2%          6
 Freeze                   Ice            ###.         1%          1
 Shock                    Conj/Air       ####         1%          1
 Confusing Touch          Hex            ######..     1%          3
 Dazzling Flash           Conj/Hex       ######       1%          3
 Gell's Gravitas          Tloc           ######....   1%          3
 Ignite Poison            Fire/Tmut/Pois #####...     1%          3
 Inner Flame              Hex/Fire       ######..     1%          3
 Static Discharge         Conj/Air       ######..     1%          3
 Cause Fear               Hex            ######....   1%          4
 Hailstorm                Conj/Ice       ######..     1%          4
 Beastly Appendage        Tmut           ###...       2%          1
 Frozen Ramparts          Ice            ###...       2%          3
 Wereblood                Tmut           ###.....     4%          2
 Silence                  Hex/Air        ######....   4%          5
 Yara's Violent Unravell  Hex/Tmut       ######....   4%          5
 Ozocubu's Armour         Ice            ###.....     9%          3
 Spider Form              Tmut/Pois      ###.......   9%          3
 Metabolic Englaciation   Hex/Ice        ######....   14%         5
 Ice Form                 Ice/Tmut       ###.....     28%         4
 Petrify                  Tmut/Erth      ###.....     28%         4
 Summon Ice Beast         Ice/Summ       ###.....     28%         4
 Alistair's Intoxication  Tmut/Pois      ###......    61%         5
 Blade Hands              Tmut           ###.......   61%         5
 Eringya's Noxious Bog    Tmut/Pois      ###.......   99%         6
 Discord                  Hex            ######....   99%         8


Dungeon Overview and Level Annotations

Branches:
Dungeon (11/15)            Temple (0/1) D:4            Lair (6/6) D:10
  Swamp (0/4) Lair:2        Snake (0/4) Lair:2          Orc (0/2) D:10
Ossuary (visited)         Gauntlet (visited)
  Slime: Lair:5-6

Altars:
Ashenzari
Elyvilon
Fedhas
Kikubaaqudgha
Makhleb
Nemelex Xobeh
Ru
Sif Muna
Uskayaw
Vehumet
Wu Jian
Xom
Zin
The Shining One
Beogh

Portals:
Abyss: D:11

Annotations:
D:11 2 transporters, Sassenached's ghost, journeyman HuWn
Lair:6 Rupert


Innate Abilities, Weirdness & Mutations

You have a pair of small horns on your head.
Your natural rate of healing is unusually fast.
You are robust. (+10% HP)


Message History

The eight-headed hydra bites you. x3
The eight-headed hydra bites you but does no damage.
The eight-headed hydra bites you. The eight-headed hydra bites you!
The eight-headed hydra bites you but does no damage.
The eight-headed hydra bites you. x2; The eight-headed hydra bites you!
The eight-headed hydra bites you.
The eight-headed hydra bites you but does no damage.
The eight-headed hydra bites you!
* * * LOW HITPOINT WARNING * * *
The eight-headed hydra bites you.
* * * LOW HITPOINT WARNING * * *
You feel sluggish.
Rupert looks more energetic.
The eight-headed hydra completely misses you.
The eight-headed hydra bites you.
* * * LOW HITPOINT WARNING * * *
The eight-headed hydra bites you.
* * * LOW HITPOINT WARNING * * *
The eight-headed hydra bites you!
You die...

.#..#.####...........## #..
##.#.## ##......#.....# ###...
###.## #.##.#.#...... ###....
# ### ### .# # #...#####...P#
# ## #.........ยง.# ###
##....P......# ..#######
#####...........##
..^.P##.######...D..........##
...........##...@...@.......#
..................#.......###
###.##......#.P..###.....##
#####...####..## #.....# #.###
#### ##....P# ### #######


You could see Rupert and an eight-headed hydra.

Vanquished Creatures
  A minotaur (Gauntlet)
  Snorg (D:11)
  Fannar (Lair:1)
  Erolcha (D:11)
  Harold (D:10)
  5 hydras
  A catoblepas (Lair:5)
  2 two-headed ogres (D:10)
  Nergalle (D:11)
  An ugly thing (D:11)
  Maurice (D:11)
  A manticore (D:11)
  3 centaur zombies
  3 elephants (Lair:2)
  5 black mambas
  An ice statue (Gauntlet)
  4 cane toads
  4 komodo dragons
  Maggie (D:9)
  2 rime drakes (Gauntlet)
  2 polar bears
  4 trolls
  A tyrant leech (Lair:2)
  3 meliai (D:11)
  A dream sheep (Lair:5)
  12 blink frogs
  3 wyverns
  2 basilisks
  48 yaks
  Edmund (D:5)
  4 swamp worms (Lair:2)
  4 nagas (Lair:2)
  6 water moccasins
  3 ice beasts
  2 orc warriors
  2 phantoms
  3 sky beasts
  4 black bears
  An eye of draining (D:8)
  6 ogres
  4 centaurs
  A big kobold (D:11)
  14 bullfrogs
  A wyvern skeleton (D:10)
  3 scorpions
  A water moccasin skeleton (D:10)
  16 wights
  7 howler monkeys
  A vampire bat (D:9)
  2 jellies
  4 orc priests
  A centaur skeleton (D:5)
  A hound (D:8)
  3 bullfrog skeletons
  9 iguanas
  11 orc wizards
  Terence (D:3)
  3 worker ants
  8 mummies (Ossuary)
  A worker ant zombie (D:11)
  Robin (D:2)
  11 adders
  A howler monkey skeleton (D:8)
  3 white imps
  An ufetubus (D:8)
  An adder skeleton (D:4)
  A worm (D:2)
  A leopard gecko (D:6)
  45 orcs
  A bat skeleton (D:9)
  5 bat zombies (D:9)
  3 giant cockroaches
  2 gnoll zombies (Ossuary)
  8 hobgoblins
  3 jackals
  2 quokkas
  3 ball pythons
  A ball python zombie (D:6)
  10 bats
  5 frilled lizards
  14 goblins
  3 hobgoblin zombies (Ossuary)
  11 kobolds
  2 kobold zombies (Ossuary)
  An orc zombie (Ossuary)
  A quokka skeleton (D:4)
  3 quokka zombies (D:6)
  4 rats
  11 bushes (Lair:2)
402 creatures vanquished.

Vanquished Creatures (others)
  119 fulminant prisms
  49 fungi
  41 plants
  A withered plant (Gauntlet)
210 creatures vanquished.

Grand Total: 612 creatures vanquished

Notes
Turn   | Place    | Note
-------+----------+-------------------------------------------
     0 | D:1      | lorenzova the Deep Elf Conjurer began the quest for the
                  | Orb.
     0 | D:1      | Reached XP level 1. HP: 10/10 MP: 6/6
   606 | D:1      | Reached XP level 2. HP: 15/15 MP: 4/8
   681 | D:1      | Learned a level 2 spell: Searing Ray
   955 | D:2      | Reached skill level 4 in Spellcasting
  1049 | D:2      | Reached skill level 5 in Conjurations
  1049 | D:2      | Reached XP level 3. HP: 19/19 MP: 6/10
  1126 | D:2      | Identified the cursed +0 helmet of Wu Jian's Condemnation
                  | {rF+}
  1126 | D:2      | Noticed Robin
  1128 | D:2      | Killed Robin
  1851 | D:3      | Found a radiant altar of Vehumet.
  1897 | D:3      | Reached XP level 4. HP: 24/24 MP: 9/12
  1929 | D:3      | Became a worshipper of Vehumet
  2080 | D:3      | Noticed Terence
  2099 | D:3      | Killed Terence
  2189 | D:3      | Reached skill level 5 in Spellcasting
  2452 | D:3      | Reached XP level 5. HP: 28/28 MP: 5/14
  2630 | D:3      | Reached * piety under Vehumet
  2630 | D:3      | Offered knowledge of Shock by Vehumet.
  3050 | D:3      | Found a shimmering altar of Xom.
  3050 | D:3      | Found an ornate altar of the Wu Jian Council.
  3362 | D:4      | Reached skill level 6 in Spellcasting
  3465 | D:4      | Found a shimmering blue altar of Sif Muna.
  3465 | D:4      | Found a glowing golden altar of the Shining One.
  3760 | D:4      | Reached XP level 6. HP: 32/32 MP: 11/17
  3838 | D:4      | Found a staircase to the Ecumenical Temple.
  3851 | D:4      | Identified the Compendium of Floating Intoxication
  4162 | D:5      | Entered Level 5 of the Dungeon
  4240 | D:5      | Reached skill level 7 in Spellcasting
  4406 | D:5      | Found a sparkling altar of Nemelex Xobeh.
  4406 | D:5      | Found a white marble altar of Elyvilon.
  4551 | D:5      | Found a broken altar of Ashenzari.
  4751 | D:5      | Noticed Edmund
  4759 | D:5      | Killed Edmund
  4759 | D:5      | Reached XP level 7. HP: 36/36 MP: 11/20
  5137 | D:6      | Reached skill level 8 in Spellcasting
  5148 | D:6      | Reached skill level 9 in Spellcasting
  5218 | D:6      | Reached XP level 8. HP: 41/41 MP: 19/23
  5519 | D:6      | Reached ** piety under Vehumet
  5519 | D:6      | Offered knowledge of Foxfire by Vehumet.
  5522 | D:6      | Learned a level 1 spell: Foxfire
  5746 | D:6      | Learned a level 4 spell: Iskenderun's Mystic Blast
  5751 | D:6      | Learned a level 4 spell: Fulminant Prism
  5767 | D:7      | Found a hide-covered altar of Uskayaw.
  5855 | D:7      | Reached skill level 10 in Spellcasting
  5858 | D:7      | Reached skill level 1 in Fire Magic
  5863 | D:7      | Reached skill level 1 in Hexes
  6033 | D:7      | Reached skill level 1 in Translocations
  6492 | D:8      | Found a burning altar of Makhleb.
  6492 | D:8      | Found a glowing silver altar of Zin.
  6493 | D:8      | Noticed an angel
  6493 | D:8      | Noticed a balrug
  6622 | D:8      | Reached XP level 9. HP: 45/45 MP: 21/25
  6798 | D:8      | Found a sand-covered staircase.
  6805 | Ossuary  | Entered an ossuary
  6815 | Ossuary  | Offered knowledge of Mephitic Cloud by Vehumet.
  6841 | Ossuary  | Reached skill level 10 in Conjurations
  7158 | D:8      | Reached skill level 11 in Spellcasting
  7158 | D:8      | Reached *** piety under Vehumet
  7554 | D:8      | Found a broken altar of Ashenzari.
  7840 | D:8      | Offered knowledge of Hailstorm by Vehumet.
  7980 | D:8      | Found a roughly hewn altar of Beogh.
  8382 | D:9      | Reached skill level 5 in Fire Magic
  8385 | D:9      | Reached XP level 10. HP: 50/50 MP: 16/27
  8532 | D:9      | Reached **** piety under Vehumet
  8536 | D:9      | Noticed Maggie
  8542 | D:9      | Reached skill level 12 in Spellcasting
  8543 | D:9      | Killed Maggie
  8543 | D:9      | Reached skill level 5 in Hexes
  8712 | D:9      | Found a blossoming altar of Fedhas.
  8896 | D:9      | Found an ancient bone altar of Kikubaaqudgha.
  8974 | D:9      | Found a sacrificial altar of Ru.
  8976 | D:9      | Offered knowledge of Conjure Flame by Vehumet.
  8985 | D:9      | Learned a level 3 spell: Conjure Flame
  9691 | D:4      | Got a crude falchion
  9692 | D:4      | Identified the +6 falchion of Zochufewk {elec, Str+3 Int+2
                  | Dex+4} (You found it on level 4 of the Dungeon)
  9919 | D:10     | Entered Level 10 of the Dungeon
  9923 | D:10     | Learned a level 2 spell: Swiftness
  9930 | D:10     | Noticed a two-headed ogre
  9937 | D:10     | Killed a two-headed ogre
  9967 | D:10     | Reached skill level 1 in Air Magic
 10076 | D:10     | Found a staircase to the Lair.
 10137 | D:10     | Reached XP level 11. HP: 54/54 MP: 18/29
 10174 | D:10     | Noticed Harold
 10183 | D:10     | Killed Harold
 10183 | D:10     | Reached skill level 5 in Translocations
 10375 | D:10     | Reached skill level 13 in Spellcasting
 10627 | D:10     | Noticed a two-headed ogre
 10633 | D:10     | Killed a two-headed ogre
 10919 | D:10     | Found a staircase to the Orcish Mines.
 11224 | D:11     | Noticed a brown ugly thing
 11233 | D:11     | Killed a brown ugly thing
 11238 | D:11     | Noticed Maurice
 11676 | D:11     | Found a gate leading to a gauntlet.
 11685 | Gauntlet | Entered a Gauntlet
 11685 | Gauntlet | Found a transporter.
 11690 | Gauntlet | Found a transporter.
 11691 | Gauntlet | Found a transporter.
 11693 | Gauntlet | Noticed a death scarab
 11694 | Gauntlet | Found a runed translucent door.
 11702 | Gauntlet | Found a runed translucent door.
 11705 | Gauntlet | Found a transporter.
 11707 | Gauntlet | Found a transporter.
 11716 | Gauntlet | Noticed a ghost crab
 11717 | Gauntlet | Found a transporter.
 11718 | Gauntlet | Found the +8 trident of the Octopus King {venom, rElec
                  | rPois MR+}
 11735 | Gauntlet | Found a transporter.
 11740 | Gauntlet | Noticed a death ooze
 11745 | Gauntlet | Found a transporter.
 11748 | Gauntlet | Noticed a death yak
 11749 | Gauntlet | Noticed a minotaur
 11753 | Gauntlet | Noticed a death yak
 11755 | Gauntlet | Found a transporter.
 11755 | Gauntlet | Noticed a death scarab
 11755 | Gauntlet | Noticed a death yak
 11765 | Gauntlet | Noticed a death scarab
 11767 | Gauntlet | Found a transporter.
 11767 | Gauntlet | Found a transporter.
 11781 | Gauntlet | Found a transporter.
 11839 | Gauntlet | Found a transporter.
 11912 | Gauntlet | Found a transporter.
 12018 | Gauntlet | Gained mutation: You have a pair of small antennae on your
                  | head. [potion of mutation]
 12018 | Gauntlet | Gained mutation: You are agile. (Dex +2) [potion of
                  | mutation]
 12018 | Gauntlet | Gained mutation: You have sharp toenails. [potion of
                  | mutation]
 12273 | Gauntlet | Got a brightly glowing lead amulet
 12284 | Gauntlet | Identified the amulet "Wet Nail" {rF+++ MR- Regen+ Str-4
                  | Stlth+} (You found it in a Gauntlet)
 12396 | Gauntlet | Got an ancient wooden ring
 12400 | Gauntlet | Identified the ring of Zekkeiwk {+Fly rF- MR+ Dex+4} (You
                  | found it in a Gauntlet)
 12402 | Gauntlet | Identified the amulet of Buttehumi {RegenMP *Corrode +Fly
                  | rN+++}
 12422 | Gauntlet | Killed a minotaur
 12455 | Gauntlet | Identified a +1 pair of boots of running (You found it in a
                  | Gauntlet)
 12553 | Gauntlet | Lost mutation: You have a pair of small antennae on your
                  | head. [potion of mutation]
 12553 | Gauntlet | Lost mutation: You are agile. (Dex +2) [potion of mutation]
 12553 | Gauntlet | Gained mutation: Your natural rate of healing is unusually
                  | fast. [potion of mutation]
 12553 | Gauntlet | Gained mutation: You have a pair of small horns on your
                  | head. [potion of mutation]
 12554 | Gauntlet | Lost mutation: You have sharp toenails. [potion of
                  | mutation]
 12554 | Gauntlet | Gained mutation: You are robust. (+10% HP) [potion of
                  | mutation]
 12611 | D:11     | Noticed Nergalle
 12618 | D:11     | Killed Nergalle
 12629 | D:11     | Noticed Snorg
 12860 | D:11     | Killed Maurice
 13141 | D:11     | Reached XP level 12. HP: 64/64 MP: 25/31
 13185 | D:11     | Noticed Erolcha
 13192 | D:11     | Reached skill level 14 in Spellcasting
 13200 | D:11     | Killed Erolcha
 13324 | D:11     | Found a transporter.
 13327 | D:11     | Found a transporter.
 13329 | D:11     | Found a one-way gate to the infinite horrors of the Abyss.
 13329 | D:11     | Noticed Sassenached's ghost (journeyman HuWn)
 13335 | D:11     | Identified the +4 battleaxe "Blob" {distort, Dex+8}
 13392 | D:11     | Reached ***** piety under Vehumet
 13399 | D:11     | Offered knowledge of Conjure Ball Lightning by Vehumet.
 13439 | D:11     | Killed Snorg
 13966 | Lair:1   | Entered Level 1 of the Lair of Beasts
 14273 | Lair:1   | Got a pitted falchion
 14305 | Lair:1   | Noticed a four-headed hydra
 14336 | Lair:1   | Killed a four-headed hydra
 14347 | Lair:1   | Noticed Fannar
 14362 | Lair:1   | Killed Fannar
 14563 | Lair:1   | Reached skill level 10 in Fire Magic
 14582 | Lair:1   | Learned a level 4 spell: Sticky Flame
 14588 | Lair:1   | Learned a level 5 spell: Fireball
 15249 | Lair:2   | Noticed a four-headed hydra
 15467 | Lair:2   | Reached skill level 15 in Spellcasting
 15503 | Lair:2   | Killed a four-headed hydra
 15503 | Lair:2   | Reached skill level 5 in Air Magic
 15557 | Lair:2   | Found a hide-covered altar of Uskayaw.
 15562 | Lair:2   | Found a staircase to the Snake Pit.
 15655 | Lair:2   | Noticed a seven-headed hydra
 15927 | Lair:2   | Killed a seven-headed hydra
 15927 | Lair:2   | Reached XP level 13. HP: 69/69 MP: 11/34
 16619 | Lair:2   | Found a staircase to the Swamp.
 17508 | Lair:3   | You fall into a shaft and drop 3 floors!
 17508 | Lair:6   | Entered Level 6 of the Lair of Beasts
 17938 | Lair:6   | Reached skill level 16 in Spellcasting
 18037 | Lair:6   | Noticed Rupert
 18102 | Lair:6   | Paralysed by Rupert for 7 turns
 18107 | Lair:6   | Slain by an eight-headed hydra

Illustrated notes

Levels and vault maps discovered:
D:1:      ncdulo_wetmaze, layout_rooms, serial_park_tiny_1,
          kennysheep_small_spiral, hangedman_decor_points, minmay_pentomino_s2
D:2:      wad_crossroads, layout_rooms, uniq_robin
D:3:      layout_basic, fiery_altar_vehumet, gammafunk_temple_overflow_elements,
          minmay_cut_off, uniq_terence
D:4:      layout_basic, gammafunk_temple_overflow_statue,
          minmay_temple_entry_offerings, dk_rats_in_the_wall
D:5:      layout_basic, nicolae_ashenzari_panopticon,
          chequers_temple_overflow_statue_of_worship, serial_curves,
          eino_curves_02, eino_curves_04, eino_curves_02, uniq_edmund
D:6:      layout_basic
D:7:      layout_basic, eat_drink_and_be_merry_uskayaw
D:8:      layout_basic, grunt_temple_overflow_order_and_chaos_2, basic_altar,
          nicolae_ossuary_entry_ruins, special_room [special_room_orc],
          serial_curves, eino_curves_03, eino_curves_03,
          chequers_serial_rivers_micro_e, minmay_manual_maat
D:9:      layout_irregular_city, fedhas_altar_fruit_tree,
          nicolae_ru_great_annihilating_truth, kennysheep_vampire_church,
          uniq_maggie
D:10:     layout_irregular_city, lair_entry_dummy, orc_0_dummy, uniq_harold
D:11:     layout_loops_ring, gammafunk_ghost_abyssal_escape,
          gauntlet_entry_generic, uniq_erolcha, uniq_maurice, uniq_snorg,
          uniq_nergalle
Lair:1:   layout_long_grid, minivault_26, beast_lair_carwin_1, uniq_fannar
Lair:2:   layout_chaotic_city, palyth_hydra_swamp_entry,
          minmay_snake_entry_guardpost_small, basic_altar, minivault_11,
          ldierk_geyser, minmay_hedge_maze
Lair:3:   layout_roguey
Lair:5:   beast_lair_carwin_large_4, layout_regular_city
Lair:6:   grunt_lair_end_beastmaster, layout_hall_layers, slime_dummy,
          gammafunk_ghost_grave, uniq_rupert

Skill      XL: |  1  2  3  4  5  6  7  8  9 10 11 12 13 |
---------------+----------------------------------------+-----
Spellcasting   | 4 5 6 7 9 10 11 12 13 15 16 | 16.0
Conjurations   | 5 6 7 8 9 10 11 12 13 14 | 14.2
Fire Magic     | 2 5 7 9 10 11 | 11.5
Hexes          | 2 4 6 7 9 |  9.0
Translocations | 1 3 4 6 |  6.0
Air Magic      | 1 3 5 6 |  6.1
Dodging        | |  2.4
Stealth        | |  2.4

Action                   |  1- 3 |  4- 6 |  7- 9 | 10-12 | 13-15 || total
-------------------------+-------+-------+-------+-------+-------++-------
Melee: Staff             |       |       |     1 |     2 |       ||     3
       Falchion          |       |       |       |     7 |       ||     7
       Headbutt          |       |       |       |     1 |     1 ||     2
 Cast: Magic Dart        |    70 |    64 |    77 |    89 |     7 ||   307
       Searing Ray       |     3 |    17 |    47 |    77 |    12 ||   156
       Fulminant Prism   |       |       |    22 |    87 |    10 ||   119
       Iskenderun's Myst |       |       |       |    26 |    15 ||    41
       Swiftness         |       |       |       |     1 |     1 ||     2
       Sticky Flame      |       |       |       |     8 |     9 ||    17
       Fireball          |       |       |       |     3 |    43 ||    46
       Conjure Flame     |       |       |       |     2 |     1 ||     3
  Use: Scroll            |     4 |     3 |     7 |     8 |     1 ||    23
       Potion            |       |       |       |     7 |       ||     7
Armor: Robe              |       |     1 |     2 |     9 |       ||    12
       Troll leather arm |       |       |       |     9 |     8 ||    17
Dodge: Dodged            |     2 |    12 |    17 |    68 |     8 ||   107
       Rpst.: Falchion   |       |       |       |     8 |     2 ||    10

Table legend: (Time is in decaauts)
 A = Elapsed time spent in this place.
 B = Non-inter-level travel time spent in this place.
 C = Inter-level travel time spent in this place.
 D = Time resting spent in this place.
 E = Time spent auto-exploring this place.
 F = Levels seen in this place.
 G = Mean time per level.
                   A        B        C        D        E       F      G
               +--------+--------+--------+--------+--------+-----+--------+
         Total |  17835 |  16922 |    913 |   5474 |   8708 |  18 |  990.8 |
       Dungeon |  12751 |  11902 |    849 |   3337 |   6907 |  11 | 1159.2 |
          Lair |   3968 |   3904 |     64 |   1809 |   1413 |   5 |  793.6 |
       Ossuary |    260 |    260 |      0 |     82 |    114 |   1 |  260.0 |
      Gauntlet |    853 |    853 |      0 |    244 |    273 |   1 |  853.0 |
               +--------+--------+--------+--------+--------+-----+--------+

Top non-repeatable levels by time:
    D:10: 1972 daAuts
     D:3: 1602 daAuts
  Lair:1: 1494 daAuts
     D:9: 1458 daAuts
     D:8: 1428 daAuts
  Lair:2: 1379 daAuts
    D:11: 1114 daAuts
     D:1: 908 daAuts
     D:4: 902 daAuts
     D:5: 890 daAuts
     D:2: 877 daAuts
Gauntlet: 853 daAuts
     D:6: 800 daAuts
     D:7: 795 daAuts
  Lair:6: 514 daAuts
